 Dungeon Crawl Stone Soup version 0.18.1-48-g4cf74bf (webtiles) character file.

238 Inkary the Insei (level 5, 0/42 HPs)
             Began as a Draconian Transmuter on Aug 31, 2016.
             Slain by a hound (4 damage)
             ... on level 3 of the Dungeon.
             The game lasted 00:05:08 (2546 turns).

Inkary the Insei (Draconian Transmuter)             Turns: 2546, Time: 00:05:09

Health: 0/42       AC:  5    Str: 12    XL:     5   Next: 78%
Magic:  8/9        EV: 13    Int: 13    God:
Gold:   127        SH:  0    Dex: 13    Spells: 1 memorised, 9 levels left

rFire  . . .     SeeInvis .       - Unarmed
rCold  . . .     Gourm    .     (armour unavailable)
rNeg   . . .     Faith    .     (no shield)
rPois  .         Spirit   .     (helmet restricted)
rElec  .         Dismiss  .     (no cloak)
rCorr  .         Reflect  .     (no gloves)
SustAt .         Harm     .     (no boots)
MR     .....                    (no amulet)
Stlth  +.........               (no ring)
                                (no ring)

@: appendage, not resistant to hostile enchantments, very unstealthy
A: unfitting armour, horns 2, cold-blooded, AC +5
a: End Transformation


You were on level 3 of the Dungeon.
You were not hungry.
You had grown temporary horns.
You visited 1 branch of the dungeon, and saw 3 of its levels.

You collected 127 gold pieces.

Inventory:

Missiles
 a - 52 arrows
 h - 2 throwing nets (quivered)
Armour
 o - a +0 shield
Jewellery
 p - an uncursed amulet of regeneration {unknown}
 u - an uncursed ring of fire {unknown}
Scrolls
 d - 2 scrolls of random uselessness {unknown}
 i - a scroll of remove curse {unknown}
 k - 5 scrolls of identify {unknown}
 n - a scroll of teleportation {unknown}
 q - a scroll of noise {unknown}
Potions
 e - a potion of heal wounds {unknown}
 f - 3 potions of flight {unknown}
 g - a potion of brilliance {unknown}
 l - a potion of might {unknown}
 m - 2 potions of lignification {unknown}
 r - a potion of agility {unknown}
 t - a potion of mutation {unknown}
Books
 b - a book of Changes

   Spells                             Type                      Level
   a - Beastly Appendage              Transmutation                1
   b - Sticks to Snakes               Transmutation                2
   c - Spider Form                    Transmutation/Poison         3
   d - Ice Form                       Ice/Transmutation            4
   e - Blade Hands                    Transmutation                5
Comestibles
 c - 2 bread rations
 j - 2 meat rations
 s - a slice of pizza
 v - a chunk of flesh


   Skills:
 + Level 2.7 Fighting
 + Level 3.4 Dodging
 + Level 4.1 Unarmed Combat
 + Level 3.2 Spellcasting
 - Level 2.0 Transmutations


You had 9 spell levels left.
You knew the following spells:

 Your Spells              Type           Power        Failure   Level  Hunger
a - Beastly Appendage     Trmt           #.....       12%         1    #......


Dungeon Overview and Level Annotations

Branches:
Dungeon (3/15)

Altars:
Pakellas
Qazlal


Innate Abilities, Weirdness & Mutations

Your plain brown scales are hard (AC +5).
Your body does not fit into most forms of armour.
You are cold-blooded and may be slowed by cold attacks.
You have a pair of horns on your head.


Message History

* * * LOW HITPOINT WARNING * * *
You hit the hound but do no damage.
Your tail-slap misses the hound.
The hound is almost dead.
The hound bites you but does no damage. The hound bites you.
* * * LOW HITPOINT WARNING * * *
You closely miss the hound.
Your tail-slap misses the hound.
The hound is almost dead.
The hound bites you.
* * * LOW HITPOINT WARNING * * *
You hit the hound but do no damage.
The hound is almost dead.
The hound barely misses you. The hound bites you but does no damage.
You hit the hound.
The hound is almost dead.
The hound bites you.
* * * LOW HITPOINT WARNING * * *
You miss the hound.
The hound is almost dead.
The hound bites you.
You die...

###.###..####.#########.#
#.#.......#.#### #.#
#.#.##.##.#.##..
#.#.##.## #.##.#
#.#.....# #.##.#
#.####..# #.##.#
#.#.....# #.##.#
#.#.....# #.##h# #
#.#.....#.#.##@#..#.#
#...................#
###.........#.##.######
#...........#.##...
#.#.........#.######
#.#.......#.#.#
#.#.......#...#
#.#.......# ..#
..#.......# .>


You could see a hound.

Vanquished Creatures
  An orc wizard (D:3)
  Natasha (thrice) (D:2)
  5 adders
  4 worms (D:2)
  3 dart slugs
  6 giant geckos
  4 orcs (D:3)
  10 bats
  5 goblins
  9 hobgoblins
  2 jackals (D:1)
  10 kobolds
  2 ball pythons
  2 giant newts (D:1)
  5 rats
71 creatures vanquished.

Vanquished Creatures (others)
  A plant (D:1)
1 creature vanquished.

Grand Total: 72 creatures vanquished

Notes
Turn   | Place    | Note
--------------------------------------------------------------
     0 | D:1      | Inkary the Draconian Transmuter began the quest for the Orb.
     0 | D:1      | Reached XP level 1. HP: 16/16 MP: 3/3
   156 | D:1      | Reached XP level 2. HP: 15/23 MP: 3/5
   303 | D:1      | Reached XP level 3. HP: 21/28 MP: 4/6
   811 | D:2      | Noticed Natasha
   818 | D:2      | Killed Natasha
   818 | D:2      | Reached XP level 4. HP: 34/36 MP: 5/7
   868 | D:2      | Noticed Natasha
   881 | D:2      | Killed Natasha
   975 | D:2      | Noticed Natasha
   985 | D:2      | Killed Natasha
  1194 | D:2      | Reached XP level 5. HP: 37/41 MP: 9/9
  1341 | D:2      | Reached skill level 4 in Unarmed Combat
  1924 | D:3      | Found a stormy altar of Qazlal.
  2358 | D:3      | Found an oddly glowing altar of Pakellas.
  2546 | D:3      | Slain by a hound

Skill      XL: |  1  2  3  4  5 |
---------------+----------------+-----
Dodging        | 2 3 |  3.4
Fighting       | 2 |  2.7
Spellcasting   | 3 |  3.2
Unarmed Combat | 4 |  4.1
Transmutations | |  2.0

Action                   |  1- 3 |  4- 6 || total
-------------------------+-------+-------++-------
Melee: Unarmed           |    96 |   163 ||   259
       Tailslap          |     9 |    17 ||    26
       Headbutt          |    10 |     8 ||    18
       Kick              |     2 |    15 ||    17
       Punch             |       |     3 ||     3
 Cast: Beastly Appendage |    14 |    23 ||    37
  Eat: Chunk             |       |     6 ||     6
Armor: Skin              |    30 |    43 ||    73
Dodge: Dodged            |    77 |   104 ||   181
